 Dungeon Crawl Stone Soup version 0.31-a0-1405-g2bb1a01664 (webtiles) character file.

Game seed: 5764403627908862123

107 Crabhammer the Insei (level 4, -2/28 HPs)
             Began as an Octopode Shapeshifter on Dec 25, 2023.
             Slain by a gnoll
             ... wielding a +0 spear
              (9 damage)
             ... on level 3 of the Dungeon.
             The game lasted 00:06:38 (1839 turns).

Crabhammer the Insei (Octopode Shapeshifter)        Turns: 1839, Time: 00:06:39

Health: -2/28      AC:  1    Str: 13    XL:     4   Next: 86%
Magic:  4/4        EV: 13    Int: 12    God:
Gold:   93         SH:  0    Dex: 13    Spells: 3/3 levels left

rFire   . .          .
                       - Unarmed
rCold   . . .        (no shield)
rNeg    . . .        (helmet currently unavailable)
rPois   .            g - amulet of faith
rElec   .            (no ring)
rCorr   .            (no ring)
SInv    .            (no ring)
Will    .....        (no ring)
Stlth   ++           (no ring)
HPRegen 0.24/turn    (no ring)
MPRegen 0.09/turn    (no ring)
                     (no ring)

%: faith
@: beast-form
A: beast (slay +1), almost no armour, amphibious, 8 rings, camouflage 1,
gelatinous body 1, (nimble swimmer 1), tentacles
a: Begin Untransformation


You were on level 3 of the Dungeon.
You were a hulking beast.
You visited 1 branch of the dungeon, and saw 3 of its levels.

You collected 93 gold pieces.

Inventory:

Magical Staves
 f - a staff of alchemy
Jewellery
 g - an amulet of faith (around mantle)
Talismans
 b - a beast talisman
 c - a flux talisman
 d - a talisman of death
Wands
 h - a wand of polymorph (8)
Scrolls
 e - a scroll of silence {unknown}
Potions
 a - a potion of lignification
 i - 2 potions of brilliance
 j - a potion of might
 k - 2 potions of cancellation
 m - a potion of curing {unknown}


   Skills:
 + Level 1.0 Fighting
 + Level 2.0 Dodging
 + Level 5.3 Unarmed Combat
 + Level 3.0 Shapeshifting


You had 3 spell levels left.
You didn't know any spells.
Your spell library contained the following spells:

 Spells                   Type           Power      Damage    Failure   Level
 Sublimation of Blood     Necr           0%         N/A       45%         2
 Petrify                  Alch/Erth      0%         N/A       97%         4
 Alistair's Intoxication  Alch           0%         N/A       100%        5
 Borgnjor's Vile Clutch   Necr/Erth      0%         N/A       100%        5
 Irradiate                Conj/Alch      0%         3d11      100%        5
 Eringya's Noxious Bog    Alch           0%         4d6       100%        6


Dungeon Overview and Level Annotations

Branches:
Dungeon (3/15)

Altars:

Shops:
D:1 ?


Innate Abilities, Weirdness & Mutations

You are a hulking beast.
Your limbs bulge with bestial killing power. (Slay +1)
You cannot wear most types of armour.
You are amphibious.
You can wear up to eight rings at the same time.
Your skin changes colour to match your surroundings (Stealth+).
Your rubbery body absorbs attacks. (AC +1, EV +1)
((You are camouflaged when in or above water. (Stealth+)))
You have tentacles for arms and can constrict up to eight enemies at once.


Message History

You kill the gnoll!
Unknown command.
You see here a +0 spear.
The gnoll shouts!
You tentacle-slap the gnoll but do no damage.
You grab the gnoll.
You constrict the gnoll, but do no damage.
The gnoll barely misses you.
You tentacle-slap the gnoll.
The gnoll is lightly wounded.
You constrict the gnoll, but do no damage.
The gnoll barely misses you.
You tentacle-slap the gnoll. You squeeze the gnoll.
The gnoll is heavily wounded.
You constrict the gnoll. The gnoll barely misses you.
You release your grip on the gnoll.
The gnoll attacks as it pursues you! The gnoll misses you.
You tentacle-slap the gnoll but do no damage.
You grab the gnoll. You squeeze the gnoll.
The gnoll is almost dead.
You constrict the gnoll, but do no damage.
The gnoll barely misses you.
You tentacle-slap the gnoll.
You kill the gnoll!
The gnoll barely misses you. The gnoll misses you.
The gnoll hits you from afar with a +0 spear.
You see here a +0 flail.
You tentacle-slap the gnoll. You grab the gnoll. You squeeze the gnoll!
The gnoll is severely wounded.
You constrict the gnoll. The gnoll hits you with a +0 spear!
You tentacle-slap the gnoll.
You kill the gnoll!
The gnoll hits you from afar with a +0 spear.
The gnoll hits you with a +0 spear.
* * * LOW HITPOINT WARNING * * *
You see here a +0 spear.
You closely miss the gnoll. Your grab misses the gnoll.
Your squeeze misses the gnoll. The gnoll hits you with a +0 spear!
You die...

....>..............).........,,,,
#######........##.#####..#...,*,,
### #........##......#.#,****,,
..# ##........##..###.#,#,****,,
..# #.............# *,#,*,,,,*,,
..# #.###.....#...###.#,*,,,,,,*
..####.###.....#.#.....#.#,,,,,,*
.....#........##)#....>....,,,,,,
####.#####.#####h..#.......,,,,,*
###.#####.###.(g......<...,,,**,
#......##.##......##....).,,,*,,
#..............†..#*......,,,*,,
#.................#####.###***,,
###...............#####....* ***
####..............####.#.* ***
#............#.####...***,,
#.......######.#####..,,*,,


You could see a gnoll.

Vanquished Creatures
  3 gnolls (D:3)
  2 adders
  A dart slug (D:1)
  A worm (D:2)
  4 ball pythons
  7 bats
  7 endoplasms
  4 giant cockroaches
  7 goblins
  3 hobgoblins
  3 frilled lizards
  5 kobolds
  5 rats
52 creatures vanquished.

Notes
Turn   | Place    | Note
-------+----------+-------------------------------------------
     0 | D:1      | Crabhammer the Octopode Shapeshifter began the quest for
                  | the Orb.
     0 | D:1      | Reached XP level 1. HP: 13/13 MP: 1/1
    85 | D:1      | Reached XP level 2. HP: 18/18 MP: 2/2
   242 | D:1      | Reached skill level 4 in Unarmed Combat
   279 | D:1      | Found Vunelaesch's Magic Scroll Emporium.
   408 | D:1      | Reached XP level 3. HP: 16/23 MP: 3/3
  1141 | D:2      | Reached XP level 4. HP: 28/28 MP: 4/4
  1725 | D:3      | Reached skill level 5 in Unarmed Combat
  1839 | D:3      | Slain by a gnoll

Illustrated notes

Levels and vault maps discovered:
D:1:      arrival_zaba_pyramid, layout_basic, serial_shops, shop
D:2:      layout_basic, chequers_jeans
D:3:      layout_basic, gammafunk_ghost_smash, nicolae_figureground_pulse,
          uniq_terence

Skill      XL: |  1  2  3  4 |
---------------+-------------+-----
Unarmed Combat | 4 5 |  5.3
Fighting       | |  1.0
Dodging        | |  2.0
Shapeshifting  | |  3.0

Action                     |  1- 3 |  4- 6 || total
---------------------------+-------+-------++-------
  Melee: Unarmed           |    71 |    28 ||    99
         Constrict         |    19 |    10 ||    29
         Tentacles         |     9 |     9 ||    18
         Punch             |     2 |       ||     2
    Use: Scroll            |     3 |     3 ||     6
   Stab: Sleeping          |     9 |     1 ||    10
 Armour: Skin              |    22 |    18 ||    40
  Dodge: Dodged            |    39 |    23 ||    62

Table legend: (Time is in decaauts)
 A = Elapsed time spent in this place.
 B = Non-inter-level travel time spent in this place.
 C = Inter-level travel time spent in this place.
 D = Time resting spent in this place.
 E = Time spent auto-exploring this place.
 F = Levels seen in this place.
 G = Mean time per level.
                   A        B        C        D        E       F      G
               +--------+--------+--------+--------+--------+-----+--------+
         Total |   1831 |   1740 |     91 |    137 |   1049 |   3 |  610.3 |
       Dungeon |   1831 |   1740 |     91 |    137 |   1049 |   3 |  610.3 |
               +--------+--------+--------+--------+--------+-----+--------+

Top non-repeatable levels by time:
     D:2: 897 daAuts
     D:1: 761 daAuts
     D:3: 172 daAuts
